 Dungeon Crawl Stone Soup version 0.29.0-4-gdea44cf6ec (webtiles) character file.

Game seed: 15306914201395977689

76 gelatine the Insei (level 4, 0/28 HPs)
             Began as an Octopode Transmuter on Aug 26, 2022.
             Slain by an orc
             ... wielding a +0 dagger
              (2 damage)
             ... on level 3 of the Dungeon.
             The game lasted 00:07:52 (2112 turns).

gelatine the Insei (Octopode Transmuter)            Turns: 2112, Time: 00:07:57

Health: 0/28       AC:  1    Str:  9    XL:     4   Next: 32%
Magic:  2/7        EV: 13    Int: 17    God:
Gold:   136        SH:  0    Dex: 12    Spells: 4/8 levels left

rFire   . . .      SeeInvis .     - Unarmed
rCold   . . .      Faith    .   (no shield)
rNeg    . . .      Spirit   .   (helmet currently unavailable)
rPois   .          Reflect  .   (no amulet)
rElec   .          Harm     .   j - ring of flight
rCorr   .          Rampage  .   (no ring)
Will    .....                   (no ring)
Stlth   +++.......              (no ring)
HPRegen 0.09/turn               (no ring)
MPRegen 0.10/turn               (no ring)
                                (no ring)
                                (no ring)

@: appendages, wereblooded, flying, hasted, very quick
A: tentacle spike 3, almost no armour, amphibious, 8 rings, camouflage 1,
gelatinous body 1, (nimble swimmer 1), tentacles
a: End Transformation


You were on level 3 of the Dungeon.
One of your tentacles had grown a beastly spike.
You visited 1 branch of the dungeon, and saw 3 of its levels.

You collected 136 gold pieces.

Inventory:

Hand Weapons
 d - a +0 dagger
Missiles
 o - 3 atropa-tipped darts (quivered)
 p - 5 poisoned darts
Jewellery
 j - a ring of flight (left tentacle)
Scrolls
 b - a scroll of enchant armour {unknown}
 e - 3 scrolls of identify
 f - a scroll of amnesia {unknown}
 h - a scroll of vulnerability {unknown}
 k - a scroll of teleportation {unknown}
 m - 2 scrolls of noise
Potions
 a - a potion of lignification
 c - a potion of heal wounds {unknown}
 g - a potion of haste
 i - a potion of mutation {unknown}
 l - a potion of curing {unknown}
 n - a potion of flight {unknown}
 q - a potion of resistance {unknown}


   Skills:
 * Level 1.3 Fighting
 + Level 2.2 Dodging
 + Level 1.5 Stealth
 + Level 3.4 Unarmed Combat
 + Level 2.5 Spellcasting
 + Level 2.8 Transmutations
 * Level 0.7 Poison Magic


You had 4 spell levels left.
You knew the following spells:

 Your Spells              Type           Power      Damage    Failure   Level
a - Beastly Appendage     Tmut           22%        N/A       5%          1
b - Wereblood             Tmut           11%        N/A       9%          2
c - Sting                 Tmut/Pois      32%        1d4       9%          1

Your spell library contained the following spells:

 Spells                   Type           Power      Damage    Failure   Level
 Passwall                 Tmut/Erth      5%         N/A       16%         2
 Sandblast                Erth           4%         2d4       19%         1
 Poisonous Vapours        Pois/Air       6%         N/A       24%         2
 Spider Form              Tmut/Pois      8%         N/A       26%         3
 Blink                    Tloc           4%         N/A       28%         2
 Ozocubu's Armour         Ice            2%         N/A       50%         3
 Stone Arrow              Conj/Erth      4%         3d7       50%         3
 Ice Form                 Ice/Tmut       7%         N/A       71%         4
 Olgreb's Toxic Radiance  Pois           4%         N/A       80%         4
 Manifold Assault         Tloc           2%         N/A       99%         5
 Ozocubu's Refrigeration  Ice            1%         4d7       100%        7
 Storm Form               Tmut/Air       3%         N/A       100%        7


Dungeon Overview and Level Annotations

Branches:
Dungeon (3/15)

Altars:
Qazlal
Uskayaw
Zin

Annotations:
D:3 Natasha


Innate Abilities, Weirdness & Mutations

One of your tentacles has grown a beastly spike.
You cannot wear most types of armour.
You are amphibious.
You can wear up to eight rings at the same time.
Your skin changes colour to match your surroundings (Stealth+).
Your rubbery body absorbs attacks. (AC +1, EV +1)
((You are camouflaged when in or above water. (Stealth+)))
You have tentacles for arms and can constrict up to eight enemies at once.


Message History

The orc is severely wounded.
You constrict the orc, but do no damage.
Natasha, Servant of Life and Death comes into view.
The orc barely misses you. The orc hits you with a +0 dagger.
Natasha hisses angrily.
You tentacle-slap the orc but do no damage.
You squeeze the orc.
You feel a bit better.
You kill the orc!
Your tentacle spike disappears.
You tentacle-slap the orc. You grab the orc.
The orc is lightly wounded.
You constrict the orc. The orc wizard closely misses you.
The orc hits you with a +0 dagger. The orc completely misses you.
Casting: Wereblood (safe; 9% risk of failure)
Confirm with . or Enter, or press ? or * to list all spells.
One of your tentacles grows a vicious spike.
You constrict the orc.
The orc wizard hits you with a +0 dagger.
The orc hits you with a +0 dagger. The orc closely misses you.
You barely miss the orc.
The orc is heavily wounded.
You constrict the orc. The orc hits you with a +0 dagger.
The orc wizard misses you. The orc hits you with a +0 flail!
* * * LOW HITPOINT WARNING * * *
As you read the scroll labelled ANGOAFICAI, it crumbles to dust.
It is a scroll of identify.
m - 2 scrolls of noise You constrict the orc, but do no damage.
The orc wizard hits you with a +0 dagger.
* * * LOW HITPOINT WARNING * * *
The orc completely misses you. The orc hits you with a +0 dagger.
* * * LOW HITPOINT WARNING * * *
Okay, then.
It was a potion of haste.
You feel yourself speed up.
You constrict the orc. Natasha closely misses you.
The orc wizard casts a spell.
The orc wizard flickers and vanishes!
Deactivating autopickup; reactivate with Ctrl-A.
The orc hits you with a +0 dagger.
You die...

##.................
###...###............
#E#...#E#............
####...###......#.....
#.............[.....##
#...._...............#
#...........######.#..
####...###...._.......
#E#.@o#E##....###....
###h{o#######....#...
##..# #.....#. #..#
.##.... #...........#
#####. #.........###
#...... #.........#
..####. ####.##.#.#
#... .. #.#.# #....


You could see an earth elemental, a water elemental, a fire elemental, an air
elemental, Natasha and 2 orcs.

Vanquished Creatures
  3 adders (D:2)
  4 orcs
  4 ball pythons
  8 endoplasms
  2 goblins
  7 hobgoblins
  6 kobolds
  A quokka (D:2)
  2 bats
  3 frilled lizards (D:1)
  A rat (D:2)
41 creatures vanquished.

Notes
Turn   | Place    | Note
-------+----------+-------------------------------------------
     0 | D:1      | gelatine the Octopode Transmuter began the quest for the
                  | Orb.
     0 | D:1      | Reached XP level 1. HP: 13/13 MP: 3/3
   156 | D:1      | Reached XP level 2. HP: 15/18 MP: 3/5
   736 | D:1      | Learned a level 2 spell: Wereblood
   743 | D:1      | Learned a level 1 spell: Sting
   929 | D:2      | Reached XP level 3. HP: 23/23 MP: 3/6
  1699 | D:2      | Reached skill level 1 in Stealth
  1699 | D:2      | Reached XP level 4. HP: 23/28 MP: 5/7
  1917 | D:3      | Found a hide-covered altar of Uskayaw.
  2026 | D:3      | Found a stormy altar of Qazlal.
  2026 | D:3      | Noticed an earth elemental
  2049 | D:3      | Noticed a water elemental
  2050 | D:3      | Found a glowing silver altar of Zin.
  2050 | D:3      | Noticed an air elemental
  2050 | D:3      | Noticed a fire elemental
  2106 | D:3      | Noticed Natasha
  2112 | D:3      | Slain by an orc

Illustrated notes

Levels and vault maps discovered:
D:1:      spicycebolla_green_bress_n_ham, layout_rooms
D:2:      layout_basic
D:3:      layout_rooms, mainiacjoe_overflow_small_starburst,
          nicolae_qazlal_style_of_elements, overflow_temple_1_default,
          minmay_starry_boxes, uniq_natasha

Skill      XL: |  1  2  3 |
---------------+----------+-----
Stealth        | 1 |  1.5
Fighting       | |  1.3
Dodging        | |  2.2
Unarmed Combat | |  3.4
Spellcasting   | |  2.5
Transmutations | |  2.8
Poison Magic   | |  0.7

Action                   |  1- 3 |  4- 6 || total
-------------------------+-------+-------++-------
Melee: Unarmed           |    56 |    12 ||    68
       Tentacles         |    12 |     5 ||    17
       Kick              |    19 |     2 ||    21
       Constrict         |    15 |     4 ||    19
       Punch             |     1 |       ||     1
 Cast: Beastly Appendage |    22 |     6 ||    28
       Sting             |    14 |     8 ||    22
       Wereblood         |       |     1 ||     1
  Use: Scroll            |       |     1 ||     1
       Potion            |       |     1 ||     1
 Stab: Sleeping          |     4 |     1 ||     5
Armor: Skin              |     4 |       ||     4
Dodge: Dodged            |    38 |    11 ||    49
